 Dungeon Crawl Stone Soup version 0.29.0-4-gdea44cf6ec (webtiles) character file.

Game seed: 18195570500282018430

5203 qw the Grappler (level 10, -21/96 HPs)
             Began as a Troll Cinder Acolyte on Aug 31, 2022.
             Was a Believer of Ignis.
             Demolished by a two-headed ogre
             ... wielding a +0 giant club
              (25 damage)
             ... on level 9 of the Dungeon.
             The game lasted 00:03:53 (7838 turns).

qw the Grappler (Troll Cinder Acolyte)              Turns: 7838, Time: 00:03:54

Health: -21/96     AC: 17    Str: 28    XL:     10   Next: 35%
Magic:  0/10       EV:  8    Int: 10    God:    Ignis [**....]
Gold:   346        SH:  0    Dex:  5    Spells: 11/11 levels left

rFire   + . .      SeeInvis .     - Unarmed
rCold   . . .      Faith    .   (no shield)
rNeg    . . .      Spirit   +   g - +0 swamp dragon scales
rPois   +          Reflect  .   (helmet restricted)
rElec   .          Harm     .   k - scarf {repulsion}
rCorr   .          Rampage  .   (gloves unavailable)
Will    ++...                   (boots unavailable)
Stlth   ..........              n - amulet of guardian spirit
HPRegen 1.06/turn               m - ring of willpower
MPRegen 0.12/turn               p - ring of willpower

@: about to teleport, fiery-armoured, repel missiles
A: large, unfitting armour, claws 3, regeneration 1, shaggy fur 1, tough skin 1
a: Renounce Religion, Fiery Armour, Foxfire Swarm, Rising Flame


You were on level 9 of the Dungeon.
You worshipped Ignis.
Ignis was pleased with you.
You visited 1 branch of the dungeon, and saw 9 of its levels.

You collected 346 gold pieces.


Innate Abilities, Weirdness & Mutations

You are too large for most types of armour.
You have claws for hands.
Your natural rate of healing is unusually fast.
You are covered in fur. (AC +1)
You have tough skin. (AC +1)


   Skills:
 - Level 5.0 Fighting
 - Level 1.6 Throwing
 - Level 3.7 Armour
 - Level 1.1 Dodging
 + Level 13.6 Unarmed Combat
 - Level 1.0 Spellcasting
 - Level 2.1 Fire Magic


You had 11 spell levels left.
You didn't know any spells.
Your spell library contained the following spells:

 Spells                   Type           Power      Damage    Failure   Level
 Scorch                   Fire           8%         2d5       30%         2

Inventory:

Armour
 g - +0 swamp dragon scales (worn)
 i - a +1 cloak
 k - a scarf of repulsion (worn)
Jewellery
 m - a ring of willpower (left claw)
 n - an amulet of guardian spirit (around neck)
 p - a ring of willpower (right claw)
 q - an amulet of regeneration
Scrolls
 e - 7 scrolls of identify
 f - 2 scrolls of enchant weapon
 h - a scroll of teleportation
Potions
 b - 2 potions of curing
 c - a potion of haste
 d - 5 potions of resistance
 o - a potion of mutation

Dungeon Overview and Level Annotations

Branches:
Dungeon (9/15)             Temple (0/1) D:6
   Lair: D:8-11         Orc: D:9-12

Altars:
Cheibriados
Fedhas
Okawaru
Qazlal
Ru
Sif Muna
Trog
Vehumet
Yredelemnul
The Shining One

Shops:
D:2 [


Message History

The yak is severely wounded.
7831 ||| Stepping ~*~*~tactically~*~*~ (outnumbered).
7832 ||| Stepping ~*~*~tactically~*~*~ (outnumbered).
The yak attacks as you move away! The yak gores you but does no damage.
The yak is burned by your cloak of flames.
The yak is lightly wounded.
7833 ||| Stepping ~*~*~tactically~*~*~ (outnumbered).
7834 ||| Stepping ~*~*~tactically~*~*~ (outnumbered).
A troll comes into view.
The troll shouts!
7835 ||| Stepping ~*~*~tactically~*~*~ (outnumbered).
The two-headed ogre attacks as you move away!
The two-headed ogre hits you with a +0 giant club.
The two-headed ogre is burned by your cloak of flames.
The two-headed ogre is lightly wounded.
The two-headed ogre hits you but does no damage.
The two-headed ogre is burned by your cloak of flames.
The two-headed ogre is lightly wounded.
You claw the two-headed ogre!
The two-headed ogre is moderately wounded.
You mangle the two-headed ogre!!
The two-headed ogre is almost dead.
The two-headed ogre hits you with a +0 giant club!!
The two-headed ogre is burned by your cloak of flames.
The two-headed ogre is almost dead.
The two-headed ogre barely misses you.
7838 ||| READING 2 scrolls of teleportation.
As you read the scroll of teleportation, it crumbles to dust.
You feel strangely unstable. The troll bites you!
The troll is burned by your cloak of flames.
The troll is lightly wounded.
The troll claws you.
The troll is burned by your cloak of flames.
The troll is lightly wounded.
The troll claws you!
The troll is burned by your cloak of flames.
The troll is moderately wounded.
The two-headed ogre hits you with a +0 giant club!!
You die...

.#.. #.#.. .....
###########....
......T@.#..$#
########O#.#.#
#YY.#.#
#####Y.##.# ..
##......##.#
...##.....<....#
..#...........##
.............#
##...........#


You could see a two-headed ogre, 3 yaks and a troll.

Vanquished Creatures
  A two-headed ogre (D:8)
  Maggie (D:7)
  Eustachio (D:4)
  10 yaks
  Edmund (D:4)
  An acid dragon (D:8)
  An ice beast (D:8)
  2 orc warriors
  2 ogres (D:6)
  4 centaurs
  A phantom (D:3)
  A bullfrog (D:7)
  A necrophage (D:6)
  2 scorpions
  8 wights
  3 killer bees (D:8)
  4 electric eels (D:8)
  4 jellies
  A hound (D:6)
  2 orc priests
  A gnoll bouda (D:7)
  2 iguanas
  5 orc wizards
  13 gnolls
  8 adders
  A shadow imp (D:7)
  4 white imps
  An ufetubus (D:6)
  4 dart slugs
  34 orcs
  5 ball pythons
  5 bats
  9 endoplasms
  3 giant cockroaches
  7 goblins
  7 hobgoblins
  4 jackals (D:1)
  13 kobolds
  2 quokkas
  A frilled lizard (D:2)
  3 rats
  A spectral orc (D:7)
184 creatures vanquished.

Vanquished Creatures (others)
  16 plants
16 creatures vanquished.

Grand Total: 200 creatures vanquished

Notes
Turn   | Place    | Note
-------+----------+-------------------------------------------
     0 | D:1      | qw the Troll Cinder Acolyte began the quest for the Orb.
     0 | D:1      | Reached XP level 1. HP: 22/22 MP: 1/1
     0 | D:1      | 0 ||| qw: Version: 0.1-a-97-g2dd2ca4
     0 | D:1      | 0 ||| qw: Game counter: 4596
     0 | D:1      | 0 ||| qw: Always use a shield: true
     0 | D:1      | 0 ||| qw: God list: Okawaru
     0 | D:1      | 0 ||| qw: Allow faded altars: false
     0 | D:1      | 0 ||| qw: Do Orc after D:15 true
     0 | D:1      | 0 ||| qw: Do second Lair branch before Depths: true
     0 | D:1      | 0 ||| qw: Lair rune preference: random
     0 | D:1      | 0 ||| qw: Plans: Normal
     0 | D:1      | 0 ||| PLANNING D:1-11
    26 | D:1      | You fall into a shaft and drop 1 floor!
    48 | D:2      | 48 ||| READING 3 scrolls labelled ZITUZX PAOR.
    49 | D:2      | 49 ||| READING 2 scrolls of identify.
    49 | D:2      | 49 ||| IDENTIFYING smoky brown potion
    50 | D:2      | 50 ||| DROPPING potion of lignification.
   104 | D:1      | Reached XP level 2. HP: 29/29 MP: 2/2
   120 | D:1      | 120 ||| Stepping ~*~*~tactically~*~*~ (stealth).
   170 | D:1      | 170 ||| Stepping ~*~*~tactically~*~*~ (stealth).
   171 | D:1      | 171 ||| Stepping ~*~*~tactically~*~*~ (stealth).
   189 | D:1      | 189 ||| Stepping ~*~*~tactically~*~*~ (stealth).
   191 | D:1      | 191 ||| Stepping ~*~*~tactically~*~*~ (stealth).
   201 | D:1      | Reached skill level 4 in Unarmed Combat
   236 | D:1      | 236 ||| Stepping ~*~*~tactically~*~*~ (stealth).
   268 | D:1      | Found a faded altar of an unknown god.
   325 | D:1      | Reached XP level 3. HP: 36/36 MP: 3/3
  1035 | D:1      | 1035 ||| DROPPING scarf of shadows.
  1036 | D:1      | 1036 ||| READING scroll labelled DUCILU UCUTIMI.
  1037 | D:1      | 1037 ||| READING scroll labelled TYZAEQ XEANEWN.
  1042 | D:1      | 1042 ||| READING scroll labelled MAXICS LAB MIFUI.
  1043 | D:1      | 1043 ||| DRINKING 2 lumpy black potions.
  1216 | D:2      | 1216 ||| Stepping ~*~*~tactically~*~*~ (stealth).
  1216 | D:2      | Found a shimmering blue altar of Sif Muna.
  1218 | D:2      | 1218 ||| Stepping ~*~*~tactically~*~*~ (stealth).
  1565 | D:2      | Found Keiclae's Armour Boutique.
  1576 | D:2      | 1576 ||| SHOPLISTING +2 robe of willpower (247 gold, have
                  | 108).
  1703 | D:2      | 1703 ||| READING 2 scrolls labelled WOCA KUXTE.
  1704 | D:2      | 1704 ||| READING scroll labelled KUUNYO JADDABE.
  1705 | D:2      | 1705 ||| READING 4 scrolls of identify.
  1705 | D:2      | 1705 ||| IDENTIFYING black potion
  1706 | D:2      | 1706 ||| READING 3 scrolls of identify.
  1706 | D:2      | 1706 ||| IDENTIFYING glowing emerald potion
  1707 | D:2      | 1707 ||| READING 2 scrolls of identify.
  1707 | D:2      | 1707 ||| IDENTIFYING white potion
  1708 | D:2      | 1708 ||| DROPPING scroll of poison.
  1709 | D:2      | 1709 ||| DROPPING potion of degeneration.
  1710 | D:2      | 1710 ||| READING scroll of teleportation.
  1782 | D:3      | 1782 ||| Stepping ~*~*~tactically~*~*~ (hiding).
  2107 | D:3      | Reached XP level 4. HP: 44/44 MP: 4/4
  2139 | D:3      | Found a sacrificial altar of Ru.
  2170 | D:3      | Reached skill level 5 in Unarmed Combat
  2311 | D:3      | 2311 ||| DRINKING 2 potions of curing.
  2311 | D:3      | 2311 ||| (to cure confusion)
  2312 | D:3      | 2312 ||| INVOKING Fiery Armour.
  2314 | D:3      | 2314 ||| Stepping ~*~*~tactically~*~*~ (outnumbered).
  2329 | D:3      | Reached XP level 5. HP: 50/50 MP: 5/5
  2510 | D:3      | Noticed a phantom
  2523 | D:3      | Killed a phantom
  2524 | D:3      | Reached skill level 6 in Unarmed Combat
  2612 | D:3      | Found a bloodstained altar of Trog.
  2612 | D:3      | Found an iron altar of Okawaru.
  2670 | D:3      | 2670 ||| READING scroll labelled DATRIF VEROYKHU.
  2671 | D:3      | 2671 ||| READING 3 scrolls of identify.
  2671 | D:3      | 2671 ||| IDENTIFYING amethyst potion
  2702 | D:4      | 2702 ||| PLANNING SEWER
  2727 | D:4      | 2727 ||| INVOKING Fiery Armour.
  2731 | D:4      | 2731 ||| Stepping ~*~*~tactically~*~*~ (outnumbered).
  2785 | D:4      | Noticed Eustachio
  2792 | D:4      | Killed Eustachio
  2793 | D:4      | Reached skill level 7 in Unarmed Combat
  2793 | D:4      | Reached XP level 6. HP: 52/59 MP: 6/6
  2821 | D:4      | 2821 ||| Stepping ~*~*~tactically~*~*~ (stealth).
  2838 | D:4      | Found a stormy altar of Qazlal.
  2941 | D:4      | 2941 ||| Stepping ~*~*~tactically~*~*~ (stealth).
  2986 | D:4      | Identified the +0 leather armour "Faaq" {Regen+ Int+2}
  3002 | D:4      | Noticed Edmund
  3013 | D:4      | Killed Edmund
  3014 | D:4      | Reached skill level 8 in Unarmed Combat
  3014 | D:4      | Reached XP level 7. HP: 59/66 MP: 7/7
  3053 | D:4      | Found a glowing drain.
  3054 | D:4      | 3054 ||| DROPPING ring of wizardry.
  3055 | D:4      | 3055 ||| READING scroll labelled UKHODGHIFYA.
  3056 | D:4      | 3056 ||| READING scroll labelled HYOXES GOIBARA.
  3057 | D:4      | 3057 ||| READING 3 scrolls of identify.
  3057 | D:4      | 3057 ||| IDENTIFYING metallic inky potion
  3058 | D:4      | 3058 ||| DROPPING potion of ambrosia.
  3061 | D:4      | 3061 ||| READING scroll of teleportation.
  3132 | D:4      | 3132 ||| READING scroll labelled MAECUFR SIFIMOIGO.
  3192 | D:4      | 3192 ||| Stepping ~*~*~tactically~*~*~ (stealth).
  3317 | D:4      | 3317 ||| Stepping ~*~*~tactically~*~*~ (hiding).
  3319 | D:4      | 3319 ||| Stepping ~*~*~tactically~*~*~ (hiding).
  3320 | D:4      | 3320 ||| Stepping ~*~*~tactically~*~*~ (hiding).
  3321 | D:4      | 3321 ||| Stepping ~*~*~tactically~*~*~ (hiding).
  3395 | D:4      | 3395 ||| RIP SEWER
  3430 | D:4      | 3430 ||| PLANNING D:1-11
  3836 | D:4      | 3836 ||| READING scroll labelled YKKANK QIPRURGH.
  3837 | D:4      | 3837 ||| READING scroll labelled ROELYL JURO.
  3890 | D:5      | Entered Level 5 of the Dungeon
  3969 | D:5      | 3969 ||| Stepping ~*~*~tactically~*~*~ (hiding).
  3970 | D:5      | 3970 ||| Stepping ~*~*~tactically~*~*~ (hiding).
  3972 | D:5      | 3972 ||| INVOKING Fiery Armour.
  3975 | D:5      | Reached skill level 3 in Fighting
  4041 | D:5      | 4041 ||| Stepping ~*~*~tactically~*~*~ (stealth).
  4062 | D:5      | 4062 ||| Stepping ~*~*~tactically~*~*~ (stealth).
  4075 | D:5      | 4075 ||| Stepping ~*~*~tactically~*~*~ (outnumbered).
  4076 | D:5      | 4076 ||| Stepping ~*~*~tactically~*~*~ (outnumbered).
  4077 | D:5      | 4077 ||| Stepping ~*~*~tactically~*~*~ (outnumbered).
  4078 | D:5      | 4078 ||| Stepping ~*~*~tactically~*~*~ (outnumbered).
  4079 | D:5      | 4079 ||| Stepping ~*~*~tactically~*~*~ (outnumbered).
  4086 | D:5      | Reached skill level 9 in Unarmed Combat
  4087 | D:5      | 4087 ||| INVOKING Fiery Armour.
  4090 | D:5      | HP: 16/67 [wight/+3 dagger (6)]
  4091 | D:5      | 4091 ||| DRINKING potion of heal wounds.
  4093 | D:5      | Reached skill level 1 in Dodging
  4250 | D:5      | Reached XP level 8. HP: 75/75 MP: 8/8
  4255 | D:5      | Reached skill level 1 in Throwing
  4409 | D:5      | 4409 ||| Stepping ~*~*~tactically~*~*~ (hiding).
  4698 | D:5      | Found a glowing golden altar of the Shining One.
  4774 | D:5      | 4774 ||| Stepping ~*~*~tactically~*~*~ (outnumbered).
  4775 | D:5      | 4775 ||| Stepping ~*~*~tactically~*~*~ (outnumbered).
  4776 | D:5      | 4776 ||| Stepping ~*~*~tactically~*~*~ (outnumbered).
  4777 | D:5      | 4777 ||| Stepping ~*~*~tactically~*~*~ (outnumbered).
  4778 | D:5      | 4778 ||| Stepping ~*~*~tactically~*~*~ (outnumbered).
  4780 | D:5      | 4780 ||| Stepping ~*~*~tactically~*~*~ (outnumbered).
  5047 | D:5      | Found a snail-covered altar of Cheibriados.
  5047 | D:5      | Found a blossoming altar of Fedhas.
  5047 | D:5      | Found a shimmering blue altar of Sif Muna.
  5259 | D:5      | 5259 ||| UPGRADING to +0 cloak.
  5264 | D:5      | 5264 ||| READING scroll labelled QUIXURH ERHETA.
  5265 | D:5      | 5265 ||| READING scroll labelled DEOLIEXU EGESS.
  5314 | D:6      | 5314 ||| Stepping ~*~*~tactically~*~*~ (outnumbered).
  5315 | D:6      | 5315 ||| Stepping ~*~*~tactically~*~*~ (outnumbered).
  5319 | D:6      | 5319 ||| Stepping ~*~*~tactically~*~*~ (outnumbered).
  5323 | D:6      | 5323 ||| FLEEEEING.
  5324 | D:6      | 5324 ||| FLEEEEING.
  5325 | D:6      | 5325 ||| FLEEEEING.
  5326 | D:6      | 5326 ||| FLEEEEING.
  5327 | D:6      | 5327 ||| FLEEEEING.
  5328 | D:6      | 5328 ||| FLEEEEING.
  5330 | D:6      | 5330 ||| FLEEEEING.
  5331 | D:6      | 5331 ||| FLEEEEING.
  5377 | D:6      | 5377 ||| READING scroll of enchant armour.
  5377 | D:6      | 5377 ||| ENCHANTING +0 cloak.
  5389 | D:6      | Found a staircase to the Ecumenical Temple.
  5489 | D:6      | Reached skill level 10 in Unarmed Combat
  5581 | D:6      | 5581 ||| Stepping ~*~*~tactically~*~*~ (outnumbered).
  5852 | D:6      | Found a radiant altar of Vehumet.
  5895 | D:6      | 5895 ||| UPGRADING to scarf of repulsion.
  5905 | D:6      | 5905 ||| UPGRADING to ring of willpower.
  5906 | D:6      | 5906 ||| READING 6 scrolls of identify.
  5906 | D:6      | 5906 ||| IDENTIFYING dark potion
  5907 | D:6      | 5907 ||| DROPPING potion of invisibility.
  5935 | D:7      | 5935 ||| Stepping ~*~*~tactically~*~*~ (hiding).
  5949 | D:7      | 5949 ||| Stepping ~*~*~tactically~*~*~ (stealth).
  5951 | D:7      | 5951 ||| Stepping ~*~*~tactically~*~*~ (hiding).
  5953 | D:7      | 5953 ||| Stepping ~*~*~tactically~*~*~ (hiding).
  5958 | D:7      | 5958 ||| INVOKING Fiery Armour.
  5963 | D:7      | 5963 ||| Stepping ~*~*~tactically~*~*~ (outnumbered).
  5965 | D:7      | 5965 ||| Stepping ~*~*~tactically~*~*~ (hiding).
  5967 | D:7      | 5967 ||| FLEEEEING.
  5968 | D:7      | 5968 ||| FLEEEEING.
  6035 | D:7      | Noticed Maggie
  6045 | D:7      | Killed Maggie
  6046 | D:7      | Reached skill level 11 in Unarmed Combat
  6046 | D:7      | Reached XP level 9. HP: 61/84 MP: 9/9
  6268 | D:7      | Found a basalt altar of Yredelemnul.
  6419 | D:7      | 6419 ||| Stepping ~*~*~tactically~*~*~ (hiding).
  6421 | D:7      | 6421 ||| Stepping ~*~*~tactically~*~*~ (hiding).
  6426 | D:7      | 6426 ||| FLEEEEING.
  6590 | D:7      | 6590 ||| UPGRADING to +0 swamp dragon scales.
  6600 | D:7      | 6600 ||| DROPPING +0 robe.
  6601 | D:7      | 6601 ||| UPGRADING to amulet of guardian spirit.
  6606 | D:7      | 6606 ||| UPGRADING to ring of willpower.
  6607 | D:7      | 6607 ||| READING scroll labelled SULUYD VADDI.
  6608 | D:7      | 6608 ||| READING 7 scrolls of identify.
  6608 | D:7      | 6608 ||| IDENTIFYING metallic clear potion
  6648 | D:8      | Noticed a two-headed ogre
  6657 | D:8      | 6657 ||| INVOKING Fiery Armour.
  6658 | D:8      | Killed a two-headed ogre
  6659 | D:8      | Reached skill level 3 in Armour
  6855 | D:8      | 6855 ||| FLEEEEING.
  6856 | D:8      | 6856 ||| FLEEEEING.
  6857 | D:8      | 6857 ||| FLEEEEING.
  6858 | D:8      | 6858 ||| FLEEEEING.
  6859 | D:8      | 6859 ||| FLEEEEING.
  6860 | D:8      | 6860 ||| FLEEEEING.
  6866 | D:8      | 6866 ||| FLEEEEING.
  6867 | D:8      | 6867 ||| FLEEEEING.
  6879 | D:8      | 6879 ||| Stepping ~*~*~tactically~*~*~ (outnumbered).
  6880 | D:8      | 6880 ||| Stepping ~*~*~tactically~*~*~ (outnumbered).
  6881 | D:8      | 6881 ||| Stepping ~*~*~tactically~*~*~ (outnumbered).
  6882 | D:8      | 6882 ||| Stepping ~*~*~tactically~*~*~ (outnumbered).
  6883 | D:8      | 6883 ||| Stepping ~*~*~tactically~*~*~ (outnumbered).
  6892 | D:8      | Reached skill level 12 in Unarmed Combat
  6894 | D:8      | 6894 ||| INVOKING Fiery Armour.
  6972 | D:8      | 6972 ||| Stepping ~*~*~tactically~*~*~ (stealth).
  6979 | D:8      | 6979 ||| Stepping ~*~*~tactically~*~*~ (outnumbered).
  7158 | D:8      | 7158 ||| Stepping ~*~*~tactically~*~*~ (outnumbered).
  7208 | D:8      | 7208 ||| INVOKING Fiery Armour.
  7216 | D:8      | 7216 ||| Stepping ~*~*~tactically~*~*~ (outnumbered).
  7218 | D:8      | 7218 ||| Stepping ~*~*~tactically~*~*~ (outnumbered).
  7219 | D:8      | 7219 ||| Stepping ~*~*~tactically~*~*~ (outnumbered).
  7220 | D:8      | 7220 ||| Stepping ~*~*~tactically~*~*~ (outnumbered).
  7221 | D:8      | 7221 ||| Stepping ~*~*~tactically~*~*~ (outnumbered).
  7222 | D:8      | Reached XP level 10. HP: 86/96 MP: 8/10
  7222 | D:8      | 7222 ||| Stepping ~*~*~tactically~*~*~ (outnumbered).
  7225 | D:8      | 7225 ||| Stepping ~*~*~tactically~*~*~ (outnumbered).
  7226 | D:8      | 7226 ||| Stepping ~*~*~tactically~*~*~ (outnumbered).
  7238 | D:8      | Reached skill level 13 in Unarmed Combat
  7347 | D:8      | 7347 ||| INVOKING Fiery Armour.
  7350 | D:8      | HP: 23/96 [electric eel/bolt of electricity (10)]
  7351 | D:8      | 7351 ||| READING 2 scrolls of teleportation.
  7351 | D:8      | HP: 10/96 [electric eel/bolt of electricity (4)]
  7352 | D:8      | 7352 ||| DRINKING potion of heal wounds.
  7782 | D:8      | 7782 ||| DROPPING amulet of the acrobat.
  7815 | D:9      | Noticed a two-headed ogre
  7817 | D:9      | 7817 ||| INVOKING Fiery Armour.
  7821 | D:9      | 7821 ||| Stepping ~*~*~tactically~*~*~ (outnumbered).
  7822 | D:9      | 7822 ||| Stepping ~*~*~tactically~*~*~ (outnumbered).
  7823 | D:9      | 7823 ||| Stepping ~*~*~tactically~*~*~ (outnumbered).
  7824 | D:9      | 7824 ||| Stepping ~*~*~tactically~*~*~ (outnumbered).
  7825 | D:9      | 7825 ||| Stepping ~*~*~tactically~*~*~ (outnumbered).
  7827 | D:9      | 7827 ||| Stepping ~*~*~tactically~*~*~ (outnumbered).
  7829 | D:9      | 7829 ||| Stepping ~*~*~tactically~*~*~ (outnumbered).
  7830 | D:9      | 7830 ||| Stepping ~*~*~tactically~*~*~ (outnumbered).
  7831 | D:9      | 7831 ||| Stepping ~*~*~tactically~*~*~ (outnumbered).
  7832 | D:9      | 7832 ||| Stepping ~*~*~tactically~*~*~ (outnumbered).
  7833 | D:9      | 7833 ||| Stepping ~*~*~tactically~*~*~ (outnumbered).
  7834 | D:9      | 7834 ||| Stepping ~*~*~tactically~*~*~ (outnumbered).
  7835 | D:9      | 7835 ||| Stepping ~*~*~tactically~*~*~ (outnumbered).
  7837 | D:9      | HP: 23/96 [two-headed ogre/+0 giant club (18)]
  7838 | D:9      | 7838 ||| READING 2 scrolls of teleportation.
  7838 | D:9      | HP: 11/96 [troll (5)]
  7838 | D:9      | HP: 4/96 [troll (7)]
  7838 | D:9      | Demolished by a two-headed ogre

Levels and vault maps discovered:
D:1:      nzn_arrival_settlement, layout_loops_corners,
          shapermc_ecumenical_altar_totnotflames, serial_bayou,
          serial_bayou_shore_b, serial_bayou_ford_a, serial_bayou_shore_b,
          serial_bayou_lagoon_a, minmay_misc_feat_iff,
          nicolae_concentric_dashed_squares_wild, st_stairs_9,
          minmay_three_crescents
D:2:      layout_loops_ring, serial_shops, nicolae_lakefront_shop, basic_altar,
          minmay_tiny_reverse_x
D:3:      layout_loops_corners, grunt_temple_overflow_bloody_war,
          old_standard_altar
D:4:      layout_loops_corners, general_overflow_altar, gup_sewer_entry_glass,
          grunt_decor_fettered, minmay_fractal_squares_diagonal_5, uniq_edmund,
          uniq_eustachio
D:5:      layout_layer_cave, gammafunk_temple_overflow_claw, tso_altar
D:6:      layout_basic, mainiacjoe_overflow_alcove_4, temple_pool_b
D:7:      layout_basic, yredelemnul_forgotten_temple_becter, uniq_maggie
D:8:      layout_loops_cross, serial_bayou, serial_bayou_shore_a,
          serial_bayou_shore_b, serial_bayou_pond_d, serial_bayou_pond_c
D:9:      layout_rooms, lemuel_doored_altar, minivault_22,
          lemuel_flamethrower_hall

Skill      XL: |  1  2  3  4  5  6  7  8  9 10 |
---------------+-------------------------------+-----
Unarmed Combat | 4 5 7 8 9 11 12 13 | 13.6
Fighting       | 3 4 5 |  5.0
Dodging        | 1 |  1.1
Throwing       | 1 |  1.6
Armour         | 3 |  3.7
Spellcasting   | |  1.0
Fire Magic     | |  2.1

Action                   |  1- 3 |  4- 6 |  7- 9 | 10-12 || total
-------------------------+-------+-------+-------+-------++-------
Melee: Unarmed           |   105 |    77 |   228 |    47 ||   457
       Punch             |       |       |     7 |     3 ||    10
Throw: Boomerang         |       |     8 |    23 |       ||    31
Invok: Fiery Armour      |       |     2 |     6 |     2 ||    10
  Use: Scroll            |    11 |     2 |    13 |     2 ||    28
       Potion            |     1 |     1 |     1 |     1 ||     4
Armor: Robe              |    26 |    27 |    39 |       ||    92
       Swamp dragon scal |       |       |    37 |    31 ||    68
Dodge: Dodged            |    40 |    25 |    88 |    30 ||   183
       Repelled          |       |       |     1 |       ||     1

Table legend:
 A = Non-vault XP
 B = Vault XP
 C = Vault XP percentage of total XP
 D = Non-vault monster count
 E = Vault monster count
 F = Vault count percentage of total count
                 A         B        C        D         E       F
            +---------+---------+-------+---------+---------+-------
      Total |    6571 |     863 |  11.6 |     161 |      23 |  12.5
            +---------+---------+-------+---------+---------+-------
        D:1 |      40 |      16 |  28.6 |      22 |       8 |  26.7
        D:2 |      10 |       4 |  28.6 |       7 |       2 |  22.2
        D:3 |     237 |      14 |   5.6 |      18 |       1 |   5.3
        D:4 |     123 |     413 |  77.1 |      15 |      10 |  40.0
        D:5 |     683 |       0 |   0.0 |      23 |       0 |   0.0
        D:6 |     673 |       0 |   0.0 |      18 |       0 |   0.0
        D:7 |     551 |     416 |  43.0 |      17 |       2 |  10.5
        D:8 |    4014 |       0 |   0.0 |      39 |       0 |   0.0
        D:9 |     240 |       0 |   0.0 |       2 |       0 |   0.0
            +---------+---------+-------+---------+---------+-------
